 Dungeon Crawl Stone Soup version 0.22.0-32-gbc6daba (webtiles) character file.

2087260 kuniqs the Talismancer (level 27, 282/282 HPs)
             Began as a Deep Dwarf Fighter on Aug 23, 2018.
             Was the Champion of Makhleb.
             Escaped with the Orb
             ... and 3 runes!
             The game lasted 01:39:36 (48630 turns).

kuniqs the Talismancer (Deep Dwarf Fighter)        Turns: 48630, Time: 01:39:38

Health: 282/282    AC: 39    Str: 29    XL:     27
Magic:  17/17      EV: 25    Int: 14    God:    Makhleb [******]
Gold:   2050       SH: 24    Dex: 14    Spells: 26/26 levels left

rFire    + + +     SeeInvis +   J - +9 broad axe (freeze)
rCold    + + .     Gourm    .   D - +0 large shield
rNeg     + . .     Faith    .   g - +8 fire dragon scales
rPois    +         Spirit   .   G - +2 helmet {SInv}
rElec    +         Reflect  .   Z - +2 cloak {rPois}
rCorr    .         Harm     .   W - +2 pair of gloves
MR       +++++                  o - +1 pair of boots
Stlth    +.........             A - amulet "Vidyamou" {rC+ MR+ Regen+}
HPRegen  0.00/turn              c - ring "Woquh" {+Inv rElec rC++ EV+3 Str-5}
MPRegen  0.15/turn              T - ring of Uzu Beine {rPois rF+ Str+4 Slay+6}

@: non-regenerating
A: damage resistance, heal wounds, iridescent scales 1, molten scales 1,
camouflage 1, agile 1, clever 1, deformed body, deterioration 1, negative energy
resistance 1, sense surroundings 3, no regeneration
0: Orb of Zot
}: 3/15 runes: serpentine, barnacled, silver
a: Heal Wounds, Minor Destruction, Lesser Servant of Makhleb, Major Destruction,
Greater Servant of Makhleb, Renounce Religion, Evoke Invisibility


You escaped.
You worshipped Makhleb.
Makhleb was exalted by your worship.
You were full.

You visited 9 branches of the dungeon, and saw 49 of its levels.
You visited the Abyss 2 times.
You also visited: Labyrinth and Ice Cave.

You collected 6901 gold pieces.
You spent 4851 gold pieces at shops.

Inventory:

Hand Weapons
 J - a +9 broad axe of freezing (weapon)
Missiles
 B - 4 throwing nets (quivered)
Armour
 g - +8 fire dragon scales (worn)
 o - a +1 pair of boots (worn)
 D - a +0 large shield (worn)
 G - a +2 helmet of see invisible (worn)
 W - a +2 pair of gloves (worn)
 Z - a +2 cloak of poison resistance (worn)
Jewellery
 c - the ring "Woquh" (left hand) {+Inv rElec rC++ EV+3 Str-5}
   (You bought it in a shop on level 1 of the Depths)

   [ring of evasion]

   It affects your evasion (+3).
   It affects your strength (-5).
   It greatly protects you from cold.
   It insulates you from electricity.
   It lets you turn invisible.
 A - the amulet "Vidyamou" (around neck) {rC+ MR+ Regen+}
   (You bought it in a shop on level 4 of the Snake Pit)

   [amulet of regeneration]

   It protects you from cold.
   It affects your resistance to hostile enchantments.
   It increases your rate of regeneration.
 T - the ring of Uzu Beine (right hand) {rPois rF+ Str+4 Slay+6}
   (You bought it in a shop on level 4 of the Snake Pit)

   [ring of protection from fire]

   It affects your strength (+4).
   It affects your accuracy and damage with ranged weapons and melee attacks
   (+6).
   It protects you from fire.
   It protects you from poison.
Wands
 b - a wand of polymorph (13)
 l - a wand of acid (8)
 r - a wand of iceblast (13)
 u - a wand of paralysis (14)
 y - a wand of disintegration (19)
 H - a wand of digging (16)
 L - a wand of scattershot (12)
 P - a wand of enslavement (40)
 R - a wand of clouds (7)
Scrolls
 e - 8 scrolls of immolation
 i - 7 scrolls of fog
 j - 21 scrolls of remove curse {@r2}
 k - 7 scrolls of magic mapping
 s - 22 scrolls of teleportation
 x - 5 scrolls of fear
 z - 2 scrolls of holy word
 C - 3 scrolls of vulnerability
 K - 2 scrolls of silence
 O - 4 scrolls of blinking
 Q - 13 scrolls of identify {@r1}
 X - a scroll of summoning
Potions
 a - 3 potions of resistance
 d - 5 potions of might
 h - 20 potions of curing {@q1}
 m - 14 potions of heal wounds
 n - 5 potions of flight
 p - 8 potions of agility
 q - 3 potions of mutation
 w - 6 potions of cancellation
 I - 5 potions of lignification
 S - 6 potions of berserk rage
 U - 3 potions of haste
 Y - a potion of invisibility
Miscellaneous
 t - a lightning rod (4/4)
 E - 5 sacks of spiders
 F - a lamp of fire
 M - 3 boxes of beasts
 N - a phial of floods
Comestibles
 f - 71 rations


   Skills:
 + Level 23.1 Fighting
 - Level 18.0 Axes
 - Level 22.0 Armour
 + Level 20.7 Dodging
 - Level 20.0 Shields
 - Level 8.0 Invocations
 O Level 27 Evocations


You had 26 spell levels left.
You didn't know any spells.
Your spell library was empty.

Dungeon Overview and Level Annotations

Branches:
Dungeon (15/15)            Temple (0/1) D:6            Lair (6/6) D:9
 Shoals (4/4) Lair:3        Snake (4/4) Lair:4        Slime (0/5) Lair:5
    Orc (2/2) D:9             Elf (3/3) Orc:2        Vaults (5/5) D:14
  Crypt (0/3) Vaults:3     Depths (5/5) D:15            Zot (5/5) Depths:5

Altars:
Elyvilon
Fedhas
Gozag
Makhleb
Qazlal
Ru
Wu Jian
Xom
Yredelemnul
Jiyva

Shops:
D:6 *   Orc:2 [:(*   Elf:1 ?   Elf:3 !   Shoals:2 (   Snake:4 =   Vaults:2 =
Vaults:4 (   Vaults:5 *   Zot:1 *   Depths:1 ?=}=   Depths:2 [[   Depths:5 %

Portals:
Hell: Depths:1 Depths:2 Depths:3 Depths:4 Depths:5
Abyss: Depths:1 Depths:4 Depths:5
Pandemonium: Depths:3
Ziggurat: Depths:1

Annotations:
D:2 YUIF
Elf:2 2 runed doors
Depths:4 2 runed doors
Zot:1 3 runed doors, exclusion: obsidian statue, Mepagh's ghost, legendary KoAK


Innate Abilities, Weirdness & Mutations

You are resistant to damage.
You can heal yourself by infusing magical energy.
You resist negative energy. (rN+)
You passively map a large area around you.
You do not regenerate.
You are partially covered in iridescent scales. (AC +2)
You are partially covered in molten scales. (AC +2)
Your skin changes colour to match your surroundings (Stealth+).
You are agile. (Dex +2)
Your mind is acute. (Int +2)
Armour fits poorly on your strangely shaped body.
Your body sometimes deteriorates upon taking damage.


Message History

Ye op'n tha soul eater like a pillowcase!!!
Ye freeze tha soul eater.
Ye closely miss tha soul eater.
Ye block tha soul eater's attack.
Ye closely miss tha soul eater.
Ye block tha soul eater's attack.
Ye slice tha soul eater!!
Ye freeze tha soul eater.
Ye kill tha soul eater!
Tha kobold shouts!
Ye chop tha chaos spawn inta pieces!!!
Ye freeze tha chaos spawn!
Ye kill tha chaos spawn!
Makhleb accepts yer kill.
Tha chaos spawn degenerates inta a cloud o' primal chaos!
Nay reach'ble target in view!
Nay reach'ble target in view!
Nay reach'ble target in view!
Nay reach'ble target in view!
Nay reach'ble target in view!
Nay reach'ble target in view!
Tha rust devil screeches!
Thar be a staircase leadin' outta tha dungeon 'ere.
Ye haf 'scaped!

#..#######'''#######...#####
#..#K#...........#g#(..#
#..###..8.###.8..###...#
#..#≈.............≈#...#
######..#≈§§...........≈#..##
....##..#§§§..........≈≈#..#
###.#...#§≈≈≈.......≈§≈≈#..#
....#...#§≈§§§≈≈.≈≈≈≈§≈§#..######
#.......#§§§§≈≈≈@≈≈≈≈≈§≈#.......#
#...#>..#################...###..
................4...........# #.#
....#.......................###.#
##.###.#####.#.###.########.#...#
##.# #.# #..........# #.#.#.#
...# #.# ######..##.# #.#.#.#
..####+## #..##.# #.....#
#.###...## #..##.# ###.###


You could see a rust devil, a goblin and a kobold.

Vanquished Creatures
  6 orbs of fire
  Mennas (Vaults:5)
  A juggernaut (Depths:4)
  3 ancient liches
  The ghost of Kaass the Victor of a Thousand Battles, a legendary GnFi of Okawaru (Zot:2)
  Sojobo (Vaults:5)
  Xtahua (Depths:5)
  Margery (Vaults:3)
  Frederick (Depths:5)
  2 curse toes (Zot:2)
  A Killer Klown (Zot:5)
  15 golden dragons
  Nikola (Shoals:4)
  2 bone dragons
  2 Brimstone Fiends
  2 Tzitzimimeh
  3 electric golems
  16 tentacled monstrosities
  22 Orb Guardians
  6 quicksilver dragons
  2 deep elf blademasters (Elf:3)
  2 deep elf master archers (Elf:3)
  5 titans
  5 tentacled starspawn
  Frances (D:12)
  9 death cobs
  6 sphinxes
  Kirke (Lair:5)
  Roxanne (Elf:2)
  A storm dragon (shapeshifter) (D:14)
  8 draconian monks
  13 shadow dragons
  11 tengu reavers
  9 storm dragons
  6 frost giants
  6 fire giants
  8 nagarajas (Snake:4)
  3 draconian scorchers
  6 draconian knights
  2 balrugs
  17 vault wardens
  4 ghost moths
  An iron dragon (Depths:4)
  9 deep elf sorcerers
  7 draconian shifters
  8 deep elf elementalists
  A caustic shrike zombie (D:15)
  A draconian stormcaller (Zot:2)
  A draconian annihilator (Zot:4)
  3 spriggan defenders
  17 ironheart preservers
  24 very ugly things
  A stone giant (shapeshifter) (Vaults:5)
  A ghoul (Vaults:3)
  8 green draconians
  16 stone giants
  2 entropy weavers (Vaults:1)
  10 deep elf demonologists
  3 juggernaut skeletons (Depths:2)
  8 yellow draconians
  8 vampire knights
  Azrael (Elf:1)
  7 black draconians
  9 red draconians
  8 purple draconians
  A spark wasp (Depths:4)
  9 deep elf annihilators
  An eidolon (Vaults:3)
  A minotaur (Lab)
  2 dire elephants (Depths:3)
  10 white draconians
  An ettin (shapeshifter) (Vaults:1)
  15 ettins
  2 blizzard demons
  7 deep elf death magi
  2 jiangshi (Depths:2)
  5 merfolk javelineers
  11 merfolk impalers
  16 great orbs of eyes
  10 ice dragons
  Erolcha (D:10)
  7 fire dragons
  6 deep elf high priests
  14 naga warriors
  23 yaktaur captains
  29 vault guards
  2 hell beasts
  13 centaur warriors
  6 rakshasas
  A quicksilver dragon skeleton (Vaults:4)
  4 spriggan air magi
  A monstrous demonspawn (Zot:2)
  8 hydras
  40 two-headed ogres
  An alligator snapping turtle (Shoals:4)
  3 merfolk avatars
  19 ogre magi
  6 satyrs
  8 anacondas
  6 merfolk aquamancers
  4 death knights
  16 dancing weapons
  7 deep troll shamans
  An alligator (shapeshifter) (Depths:4)
  8 deep troll earth magi
  3 orc high priests
  3 thrashing horrors (Abyss:3)
  A tengu warrior (Depths:4)
  12 naga sharpshooters
  6 vampire magi
  Sonja (Lair:2)
  4 sun demons
  8 shock serpents
  Nergalle (D:10)
  A soul eater (D:1)
  3 spriggan berserkers
  5 spriggans
  3 wretched stars
  2 storm dragon skeletons (Depths:2)
  14 deep elf knights
  3 iron trolls
  5 shadow wraiths
  14 hell knights
  3 sixfirhies
  2 spatial maelstroms (Abyss:3)
  30 deep trolls
  25 skeletal warriors
  An unseen horror (shapeshifter) (Vaults:4)
  4 glowing orange brains
  A swamp dragon (shapeshifter) (Depths:2)
  A salamander mystic (Snake:4)
  A kraken simulacrum (Shoals:4)
  2 unseen horrors
  9 sea snakes
  12 naga ritualists
  10 wizards
  A tengu zombie (Vaults:2)
  6 flayed ghosts
  18 ironbrand convokers
  A golden dragon skeleton (Depths:2)
  8 phantasmal warriors
  10 necromancers
  15 orc knights
  20 harpies
  59 deep elf magi
  16 deep elf archers
  4 wolf spiders
  12 mana vipers
  An iron dragon zombie (D:15)
  56 ugly things
  3 mana vipers (shapeshifter)
  A tengu skeleton (Depths:2)
  7 salamanders
  8 cyclopes
  A cyclops (shapeshifter) (Vaults:3)
  9 manticores
  2 frost giant skeletons (Depths:2)
  4 orc sorcerers
  12 fauns
  3 sphinx skeletons
  A worldbinder (Abyss:2)
  An elephant (Lair:4)
  40 moths of wrath
  A toenail golem (Zot:4)
  2 human skeletons
  4 fire giant skeletons (Depths:2)
  9 merfolk sirens
  17 naga magi
  A rust devil (Depths:2)
  An elephant (shapeshifter) (Vaults:5)
  30 black mambas
  A guardian serpent (shapeshifter) (Depths:5)
  6 guardian serpents
  2 stone giant skeletons (Depths:2)
  A water nymph (Shoals:4)
  An apocalypse crab (Abyss:2)
  26 vault sentinels
  4 smoke demons
  2 eyes of devastation
  A black mamba (shapeshifter) (Depths:1)
  3 orange demons
  A torpor snail (shapeshifter) (Vaults:4)
  2 spriggan skeletons (Depths:2)
  A torpor snail (Lair:6)
  24 spiny frogs
  4 gargoyles
  A spiny frog (shapeshifter) (Vaults:4)
  2 rime drakes (Lair:6)
  3 hellions
  8 komodo dragons
  A yaktaur zombie (Vaults:2)
  An efreet (Depths:5)
  8 red devils
  13 freezing wraiths
  52 yaktaurs
  4 ice devils
  2 tengu conjurers
  A queen bee (D:13)
  9 trolls
  2 elf skeletons (Depths:2)
  A hellwing (Depths:5)
  29 merfolk
  A yaktaur skeleton (D:15)
  A meliai (shapeshifter) (Vaults:2)
  A wind drake (shapeshifter) (Elf:2)
  A slime creature (shapeshifter) (Vaults:5)
  A troll (shapeshifter) (D:14)
  9 wind drakes
  3 hornets (shapeshifter)
  21 blink frogs
  8 snapping turtles
  14 tyrant leeches (Lair:6)
  2 raiju (Abyss:3)
  8 hornets
  25 slime creatures
  Grinder (D:6)
  4 dream sheep (Shoals:3)
  A stone giant simulacrum (Vaults:2)
  An ettin zombie (Vaults:3)
  A hippogriff (shapeshifter) (Vaults:5)
  A meliai zombie (D:15)
  8 hippogriffs
  11 large abominations
  Sigmund (D:2)
  2 wyverns
  4 redbacks
  7 wraiths
  4 shadows
  A yak (shapeshifter) (Vaults:1)
  20 yaks
  A spriggan (shapeshifter) (D:14)
  19 water elementals
  A fire dragon skeleton (D:15)
  A vampire (D:12)
  13 flying skulls (Depths:2)
  A wyvern (shapeshifter) (Vaults:4)
  A ynoxinul (Depths:2)
  An ettin skeleton (Depths:2)
  A hog (shapeshifter) (Vaults:4)
  7 fire elementals
  A steam dragon (D:14)
  5 chaos spawn
  2 hogs (Lair:5)
  9 small abominations
  4 basilisks
  4 neqoxecs
  10 hungry ghosts
  A steam dragon (shapeshifter) (Vaults:5)
  12 vampire mosquitoes
  3 death yak simulacra (IceCv)
  4 human simulacra
  A soldier ant (shapeshifter) (Vaults:4)
  5 swamp worms (Lair:6)
  8 insubstantial wisps (Depths:1)
  62 nagas
  Edmund (D:6)
  4 spatial vortices (Abyss:3)
  5 acid dragons
  9 wargs
  2 swamp worms (shapeshifter)
  8 hell hounds
  7 water moccasins
  8 porcupines
  43 orc warriors
  2 sky beasts (D:10)
  9 ice beasts
  2 ice beasts (shapeshifter)
  4 eyes of draining
  3 black bears
  An eye of draining (shapeshifter) (Vaults:5)
  5 phantoms
  37 ogres
  2 necrophages
  7 boggarts
  21 centaurs
  10 crocodiles
  4 big kobolds
  26 bullfrogs
  2 human zombies
  An earth elemental (Elf:2)
  A wyvern zombie (D:13)
  A wyvern skeleton (D:14)
  4 scorpions
  30 killer bees
  9 wights
  2 electric eels
  6 howler monkeys
  5 centaur zombies
  9 crimson imps
  8 hounds
  26 starcursed masses
  5 draconian simulacra (IceCv)
  13 orc priests
  3 bullfrog skeletons
  20 orc wizards
  2 quasits
  Crazy Yiuf (D:2)
  8 jellies
  6 centaur skeletons
  2 iron imps
  Terence (D:2)
  3 iguanas
  7 worker ants
  4 spriggan simulacra (IceCv)
  2 troll simulacra (IceCv)
  A wolf simulacrum (IceCv)
  3 centaur simulacra (IceCv)
  2 hound zombies
  2 hound skeletons
  3 worker ant zombies
  A howler monkey zombie (D:7)
  A howler monkey skeleton (D:7)
  5 gnolls
  12 adders
  An ogre simulacrum (IceCv)
  3 naga simulacra (IceCv)
  6 shadow imps
  6 white imps (IceCv)
  2 ufetubi
  6 oozes
  An adder skeleton (D:4)
  6 worms
  A dart slug (D:2)
  6 leopard geckos
  82 orcs
  10 bats
  8 giant cockroaches
  12 hobgoblins
  16 jackals
  24 kobolds
  13 quokkas
  3 ball pythons
  7 frilled lizards
  8 goblins
  5 rats
  7 crawling corpses
  3 fungi
  19 plants
  8 starspawn tentacles
2518 creatures vanquished.

Vanquished Creatures (collateral kills)
  Gastronok (Lair:3)
  A spriggan defender (Depths:4)
  An orc warlord (Orc:2)
  An anaconda (Snake:3)
  2 naga sharpshooters (Snake:2)
  A flayed ghost (Depths:4)
  A merfolk siren (Lair:3)
  2 elephants (Lair:4)
  4 freezing wraiths (IceCv)
  2 merfolk (Lair:3)
  A blink frog (Lair:6)
  3 yaks (Lair:3)
  A vampire mosquito (Lair:6)
  A naga (Snake:3)
  A swamp worm (Lair:6)
  A water moccasin (Lair:4)
  An ice beast (IceCv)
  2 killer bees (D:12)
  A draconian simulacrum (IceCv)
  An ogre simulacrum (IceCv)
  6 white imps (IceCv)
  2 orcs (D:12)
  3 kobolds (D:12)
40 creatures vanquished.

Vanquished Creatures (others)
  A sphinx (Vaults:5)
  A draconian knight (Zot:1)
  2 spriggan defenders (Depths:5)
  A very ugly thing (Depths:4)
  A vampire knight (Depths:3)
  A merfolk javelineer (Shoals:4)
  A shock serpent (Snake:4)
  A phantasmal warrior (Vaults:5)
  A manticore (Shoals:4)
  A vault sentinel (Vaults:5)
  A merfolk siren (Shoals:4)
  A merfolk (Shoals:4)
  An ogre (Vaults:5)
  2 ball lightnings (Depths:1)
  29 fungi
  74 plants
  14 starspawn tentacles
  4 tentacles (Shoals:4)
137 creatures vanquished.

Grand Total: 2695 creatures vanquished

Notes
Turn   | Place    | Note
-------+----------+-------------------------------------------
     0 | D:1      | kuniqs the Deep Dwarf Fighter began the quest for the Orb.
     0 | D:1      | Reached XP level 1. HP: 20/20 MP: 1/1
   108 | D:1      | Reached XP level 2. HP: 22/27 MP: 2/2
   509 | D:1      | Reached skill level 1 in Dodging
   671 | D:1      | Reached XP level 3. HP: 28/33 MP: 3/3
  1002 | D:2      | Noticed Sigmund
  1007 | D:2      | Reached XP level 4. HP: 35/42 MP: 4/4
  1050 | D:2      | Killed Sigmund
  1050 | D:2      | Reached XP level 5. HP: 41/49 MP: 5/5
  1143 | D:2      | Noticed Terence
  1156 | D:2      | Killed Terence
  1156 | D:2      | Reached XP level 6. HP: 39/56 MP: 6/6
  1328 | D:2      | Found an ornate altar of the Wu Jian Council.
  1418 | D:2      | Found a shimmering altar of Xom.
  2109 | D:3      | Found a basalt altar of Yredelemnul.
  2708 | D:2      | Found a runed door.
  2712 | D:2      | Noticed Crazy Yiuf
  2714 | D:2      | Killed Crazy Yiuf
  2898 | D:4      | Found a burning altar of Makhleb.
  2907 | D:4      | Became a worshipper of Makhleb the Destroyer
  3036 | D:4      | Found a white marble altar of Elyvilon.
  3047 | D:4      | Reached skill level 1 in Invocations
  3047 | D:4      | Reached skill level 1 in Evocations
  3121 | D:4      | Reached XP level 7. HP: 51/64 MP: 7/7
  3234 | D:4      | Got a shimmering tin ring
  3274 | D:4      | Identified the ring of Opiull {*Tele rF+ MP+9} (You found it on level 4 of the Dungeon)
  3557 | D:5      | Entered Level 5 of the Dungeon
  3580 | D:5      | Reached skill level 2 in Evocations
  3645 | D:5      | Found a sacrificial altar of Ru.
  3673 | D:5      | Reached skill level 5 in Shields
  3845 | D:5      | Reached skill level 5 in Armour
  3931 | D:5      | Reached * piety under Makhleb
  3971 | D:5      | Found a stormy altar of Qazlal.
  4191 | D:5      | Reached XP level 8. HP: 63/73 MP: 7/9
  4451 | D:6      | Found a staircase to the Ecumenical Temple.
  4451 | D:6      | Noticed Grinder
  4452 | D:6      | Paralysed by Grinder for 3 turns
  4477 | D:6      | Reached skill level 3 in Evocations
  4483 | D:6      | Killed Grinder
  4540 | D:6      | Found Rizismu's Assorted Antiques.
  4579 | D:6      | Reached skill level 5 in Axes
  4597 | D:6      | Bought a dark potion for 25 gold pieces
  4739 | D:6      | Noticed Edmund
  4746 | D:6      | Killed Edmund
  4746 | D:6      | Reached skill level 4 in Evocations
  4947 | D:7      | Found a blossoming altar of Fedhas.
  5071 | D:7      | Reached skill level 5 in Fighting
  5122 | D:7      | Reached skill level 5 in Dodging
  5180 | D:7      | Gained mutation: You passively map the area around you. [Deep Dwarf growth]
  5180 | D:7      | Reached XP level 9. HP: 78/81 MP: 11/11
  5230 | D:7      | Reached ** piety under Makhleb
  5944 | D:8      | Reached skill level 5 in Invocations
  5944 | D:8      | Reached skill level 5 in Evocations
  5968 | D:8      | Found an opulent altar of Gozag.
  6354 | D:8      | Noticed a brown ugly thing
  6375 | D:8      | Killed a brown ugly thing
  6688 | D:9      | Reached skill level 6 in Evocations
  6742 | D:9      | Reached XP level 10. HP: 86/91 MP: 13/13
  6746 | D:9      | Reached *** piety under Makhleb
  7194 | D:9      | Found a staircase to the Orcish Mines.
  7299 | D:9      | Found a staircase to the Lair.
  7577 | D:10     | Entered Level 10 of the Dungeon
  7881 | D:10     | Noticed Erolcha
  7888 | D:10     | Killed Erolcha
  7888 | D:10     | Reached skill level 7 in Evocations
  7966 | D:10     | Noticed Nergalle
  7985 | D:10     | Killed Nergalle
  8133 | D:11     | Noticed a two-headed ogre
  8151 | D:11     | Killed a two-headed ogre
  8151 | D:11     | Reached XP level 11. HP: 81/99 MP: 12/12
  8165 | D:11     | Reached **** piety under Makhleb
  9393 | Lair:1   | Entered Level 1 of the Lair of Beasts
  9495 | Lair:1   | Got a polished war axe
  9496 | Lair:1   | Identified the +2 war axe "Ituedgh" {chop, rElec rC++ Dex-5} (You found it on level 1 of the Lair of Beasts)
  9522 | Lair:1   | Found a frozen archway.
  9526 | IceCv    | Entered an ice cave
  9542 | IceCv    | Reached skill level 8 in Evocations
  9728 | IceCv    | Found an ancient bone altar of Kikubaaqudgha.
  9963 | IceCv    | Noticed a necromancer
  9966 | IceCv    | Killed a necromancer
 10408 | Lair:1   | Reached skill level 9 in Evocations
 10760 | Lair:2   | Noticed Sonja
 10767 | Lair:2   | Killed Sonja
 10774 | Lair:2   | Reached ***** piety under Makhleb
 11019 | Lair:2   | Reached XP level 12. HP: 103/109 MP: 7/7
 11439 | Lair:3   | Noticed Gastronok
 11464 | Lair:3   | Killed Gastronok
 11582 | Lair:3   | Found a staircase to the Shoals.
 11867 | Lair:4   | Found a staircase to the Snake Pit.
 11940 | Lair:4   | Reached skill level 10 in Evocations
 11955 | Lair:4   | Noticed a five-headed hydra
 11969 | Lair:4   | Killed a five-headed hydra
 12131 | Lair:4   | Noticed a seven-headed hydra
 12137 | Lair:4   | Killed a seven-headed hydra
 12428 | Lair:4   | Identified a scroll of acquirement
 12432 | Lair:4   | Got a twisted war axe
 12433 | Lair:4   | Identified the +5 war axe "Zosheob" {chop, *Rage rC+ Str+2 SInv} (You acquired it on level 4 of the Lair of Beasts)
 12731 | Lair:5   | Noticed a six-headed hydra
 12746 | Lair:5   | Killed a seven-headed hydra
 12746 | Lair:5   | Reached skill level 10 in Armour
 12746 | Lair:5   | Reached skill level 10 in Shields
 13395 | Lair:5   | Noticed a five-headed hydra
 13406 | Lair:5   | Killed a five-headed hydra
 13437 | Lair:5   | Found a runed door.
 13438 | Lair:5   | Found a viscous altar of Jiyva.
 13439 | Lair:5   | Found a staircase to the Slime Pits.
 13443 | Lair:5   | Noticed Kirke
 13457 | Lair:5   | Killed Kirke
 13548 | Lair:5   | Reached XP level 13. HP: 114/118 MP: 6/6
 13968 | Lair:6   | Entered Level 6 of the Lair of Beasts
 13979 | Lair:6   | Reached skill level 10 in Axes
 14010 | Lair:6   | Reached skill level 11 in Evocations
 14082 | Lair:6   | Reached skill level 10 in Dodging
 14484 | Lair:6   | Reached skill level 12 in Evocations
 14805 | Lair:6   | Gained mutation: You resist negative energy. (rN+) [Deep Dwarf growth]
 14805 | Lair:6   | Reached XP level 14. HP: 130/130 MP: 7/7
 15435 | D:12     | Reached ****** piety under Makhleb
 15535 | D:12     | Noticed Frances
 15557 | D:12     | Killed Frances
 16060 | D:13     | Reached skill level 10 in Fighting
 16708 | D:14     | Found a labyrinth entrance.
 16746 | Lab      | Entered a labyrinth
 16771 | Lab      | Reached skill level 13 in Evocations
 16814 | Lab      | Got a twisted dagger
 16937 | Lab      | Found the +0 Maxwell's etheric cage {RegenMP+ *Contam rElec MP+4}
 16951 | Lab      | Identified the +8 dagger of Midsummer {drain, *Rage rElec SInv} (You found it in a labyrinth)
 17214 | D:14     | Found a gate to the Vaults.
 17568 | D:14     | Noticed a storm dragon
 17588 | D:14     | Killed a storm dragon
 17611 | D:14     | Reached XP level 15. HP: 112/140 MP: 9/9
 18024 | D:15     | Entered Level 15 of the Dungeon
 18266 | D:15     | Found a staircase to the Depths.
 18491 | D:15     | Reached skill level 14 in Evocations
 18551 | D:15     | Reached XP level 16. HP: 76/150 MP: 10/10
 19310 | Orc:1    | Entered Level 1 of the Orcish Mines
 19447 | Orc:2    | Entered Level 2 of the Orcish Mines
 19447 | Orc:2    | Found Xikepn's Antique Weapon Boutique.
 20118 | Orc:2    | Found Ycepas's Antique Armour Shop.
 20135 | Orc:2    | Found Egoc's Book Shop.
 20175 | Orc:2    | Found Haveaw's General Store.
 20237 | Orc:2    | Bought a +1 cloak of poison resistance for 202 gold pieces
 20237 | Orc:2    | Bought a sack of spiders for 300 gold pieces
 20406 | Orc:2    | Found a staircase to the Elven Halls.
 20545 | Orc:2    | Bought a smoking plate armour for 504 gold pieces
 20545 | Orc:2    | Bought a spiked chain mail for 171 gold pieces
 20545 | Orc:2    | Identified the cursed +1 plate armour of Dishonour {Regen+ Str+4 Int+2} (You bought it in a shop on level 2 of the Orcish Mines)
 20547 | Orc:2    | Identified the +2 chain mail of Classification {rF+ Str+4 Int+2} (You bought it in a shop on level 2 of the Orcish Mines)
 20593 | Orc:2    | Bought a +0 pair of boots for 67 gold pieces
 20777 | Snake:1  | Entered Level 1 of the Snake Pit
 21981 | Snake:2  | Reached skill level 15 in Evocations
 22954 | Snake:3  | Reached XP level 17. HP: 159/159 MP: 10/10
 23339 | Snake:4  | Entered Level 4 of the Snake Pit
 23793 | Snake:4  | Reached skill level 16 in Evocations
 24149 | Snake:4  | Found a white marble altar of Elyvilon.
 24224 | Snake:4  | Found Efuadeiq's Jewellery Boutique.
 24229 | Snake:4  | Bought the ring of Uzu Beine {rPois rF+ Str+4 Slay+6} for 1116 gold pieces
 24573 | Snake:4  | Got a serpentine rune of Zot
 25035 | Shoals:1 | Entered Level 1 of the Shoals
 25841 | Shoals:2 | Reached skill level 15 in Armour
 25901 | Shoals:2 | Reached skill level 15 in Shields
 25949 | Shoals:2 | Found Panwon's Antique Weapon Boutique.
 26117 | Shoals:2 | Gained mutation: You passively map a large area around you. [Deep Dwarf growth]
 26117 | Shoals:2 | Reached XP level 18. HP: 161/170 MP: 11/11
 26572 | Shoals:3 | Reached skill level 15 in Axes
 26701 | Shoals:3 | Reached skill level 17 in Evocations
 27271 | Shoals:4 | Entered Level 4 of the Shoals
 27359 | Shoals:4 | Noticed Nikola
 27386 | Shoals:4 | Killed Nikola
 27841 | Shoals:4 | Got a barnacled rune of Zot
 28501 | Vaults:1 | Entered Level 1 of the Vaults
 28802 | Vaults:1 | Reached XP level 19. HP: 181/181 MP: 11/11
 28879 | Vaults:1 | Reached skill level 18 in Evocations
 29781 | Vaults:2 | Cast into level 2 of the Abyss (a deep elf demonologist)
 29781 | Abyss:2  | Found a blossoming altar of Fedhas.
 29886 | Abyss:2  | Noticed a bone dragon
 29908 | Abyss:2  | Killed a bone dragon
 29911 | Abyss:2  | Gained mutation: Your spells are a little easier to cast, but a little less powerful. [a neqoxec]
 29916 | Abyss:2  | Gained mutation: You are frail. (-10% HP) [a neqoxec]
 29928 | Abyss:2  | Lost mutation: Your spells are a little easier to cast, but a little less powerful. [potion of mutation]
 29928 | Abyss:2  | Lost mutation: You are frail. (-10% HP) [potion of mutation]
 29928 | Abyss:2  | Gained mutation: Your magical capacity is low. (-10% MP) [potion of mutation]
 29928 | Abyss:2  | Gained mutation: Your muscles are strong. (Str +2) [potion of mutation]
 30073 | Vaults:2 | Escaped the Abyss
 30532 | Vaults:2 | Found Ulozxo Afesch's Jewellery Shoppe.
 30651 | Vaults:2 | Reached XP level 20. HP: 192/192 MP: 10/10
 30672 | Vaults:2 | Reached skill level 19 in Evocations
 30791 | Vaults:2 | You fall through a shaft for 2 floors!
 31142 | Vaults:3 | Reached skill level 15 in Fighting
 32018 | Vaults:3 | Noticed Margery
 32032 | Vaults:3 | Reached XP level 21. HP: 138/201 MP: 11/11
 32042 | Vaults:3 | Killed Margery
 32042 | Vaults:3 | Reached skill level 20 in Evocations
 32074 | Vaults:3 | Found a staircase to the Crypt.
 33554 | Vaults:4 | Found Vuint's Weapon Emporium.
 33601 | Vaults:5 | Entered Level 5 of the Vaults
 33621 | Vaults:5 | Cast into level 3 of the Abyss (a deep elf sorcerer)
 33753 | Abyss:3  | Found a corrupted altar of Lugonu.
 33964 | Abyss:3  | Found a hazy altar of Hepliaklqana.
 34001 | Vaults:5 | Escaped the Abyss
 34053 | Vaults:5 | Reached skill level 21 in Evocations
 34055 | Vaults:5 | Reached XP level 22. HP: 213/213 MP: 12/12
 34186 | Vaults:5 | Noticed Sojobo
 34215 | Vaults:5 | Killed Sojobo
 34670 | Vaults:5 | Reached skill level 22 in Evocations
 34704 | Vaults:5 | Noticed Mennas
 34735 | Vaults:5 | Killed Mennas
 34735 | Vaults:5 | Reached XP level 23. HP: 224/224 MP: 14/14
 35010 | Vaults:5 | Found Zereh's Assorted Antiques.
 35026 | Vaults:5 | Identified the cursed +0 plate armour of the Skies Above {+Blink rN+ MR+ Str+2 Dex+4} (You found it on level 5 of the Vaults)
 35249 | Vaults:5 | Got a silver rune of Zot
 35798 | Elf:1    | Entered Level 1 of the Elven Halls
 35896 | Elf:1    | Noticed Azrael
 35915 | Elf:1    | Killed Azrael
 36340 | Elf:1    | Found Miyb's Magic Scroll Boutique.
 36347 | Elf:1    | Bought a scroll of enchant armour for 120 gold pieces
 36854 | Elf:2    | Noticed Roxanne
 36862 | Elf:2    | Killed Roxanne
 36899 | Elf:3    | Entered Level 3 of the Elven Halls
 37292 | Elf:2    | Found a runed door.
 37317 | Elf:2    | Found a runed door.
 37606 | Elf:3    | Found Roejy's Distillery.
 37610 | Elf:3    | Bought a potion of cancellation for 136 gold pieces
 37610 | Elf:3    | Bought a potion of agility for 68 gold pieces
 37610 | Elf:3    | Bought a potion of might for 68 gold pieces
 37610 | Elf:3    | Bought a potion of haste for 170 gold pieces
 37610 | Elf:3    | Bought a potion of haste for 170 gold pieces
 37880 | Elf:3    | Reached skill level 23 in Evocations
 37986 | Elf:3    | Identified the +1 hand axe of Quick Death {vamp, Stlth+} (You took it off a deep elf annihilator on level 3 of the Elven Halls)
 38177 | Elf:3    | Found the +9 staff of Olgreb {rPois}
 38200 | Elf:3    | Got a smoking lapis lazuli ring
 38201 | Elf:3    | Identified the ring "Kepn" {rPois rC+} (You found it on level 3 of the Elven Halls)
 38208 | Elf:3    | Got an ancient bronze ring
 38209 | Elf:3    | Identified the ring "Teschot" {rF+ Str+2 SInv} (You found it on level 3 of the Elven Halls)
 38212 | Elf:3    | Got a translucent golden ring
 38213 | Elf:3    | Identified the ring "Ozuogice" {rF+ rC+} (You found it on level 3 of the Elven Halls)
 38218 | Elf:3    | Got a flickering platinum ring
 38219 | Elf:3    | Identified the ring "Odod" {*Contam rPois MR+ Dex+4} (You found it on level 3 of the Elven Halls)
 38238 | Elf:3    | Identified the +7 chain mail of the Good {Int+5 Dex+4} (You found it on level 3 of the Elven Halls)
 38784 | Snake:4  | Bought the amulet "Vidyamou" {rC+ MR+ Regen+} for 793 gold pieces
 39076 | Depths:1 | Entered Level 1 of the Depths
 39246 | Depths:1 | Found a one-way gate to the infinite horrors of the Abyss.
 39419 | Depths:1 | Reached XP level 24. HP: 236/236 MP: 14/14
 39454 | Depths:1 | Found a gateway to a ziggurat.
 39538 | Depths:1 | Found a gateway to Hell.
 39635 | Depths:1 | Found Awegiss's Magic Scroll Emporium.
 39649 | Depths:1 | Bought a scroll of enchant armour for 157 gold pieces
 39745 | Depths:1 | Found Hirrosmi's Jewellery Shop.
 39746 | Depths:1 | Found Poin's Gadget Shoppe.
 39747 | Depths:1 | Found Efurphiu's Jewellery Shop.
 39762 | Depths:1 | Bought the ring "Woquh" {+Inv rElec rC++ EV+3 Str-5} for 784 gold pieces
 40600 | Depths:2 | Found Gialegedgh's Antique Armour Shop.
 40619 | Depths:2 | Found Founish's Armour Boutique.
 41016 | Depths:2 | Reached skill level 24 in Evocations
 41724 | Depths:3 | Found a one-way gate leading to the halls of Pandemonium.
 42545 | Depths:4 | Reached XP level 25. HP: 247/247 MP: 15/15
 42745 | Depths:4 | Found a runed door.
 42745 | Depths:4 | Found a runed door.
 42750 | Depths:4 | Got a translucent steel ring
 42753 | Depths:4 | Identified the ring of Suerack {rN+ Stlth+} (You found it on level 4 of the Depths)
 42757 | Depths:4 | Got a steaming bone ring
 42758 | Depths:4 | Identified the ring "Leidoy" {rCorr MR++ Dex-2} (You found it on level 4 of the Depths)
 42776 | Depths:4 | Noticed a juggernaut
 42787 | Depths:4 | Killed a juggernaut
 42793 | Depths:4 | Got a sparkling silver amulet
 42794 | Depths:4 | Identified the amulet of Loynuet {Regen+ Int+3} (You found it on level 4 of the Depths)
 42936 | Depths:4 | Noticed an ancient lich
 42962 | Depths:4 | Killed an ancient lich
 43222 | Depths:5 | Entered Level 5 of the Depths
 43251 | Depths:5 | Reached skill level 25 in Evocations
 43349 | Depths:5 | Got a crude amber ring
 43590 | Depths:5 | Noticed Xtahua
 43610 | Depths:5 | Killed Xtahua
 43640 | Depths:5 | Found a gate to the Realm of Zot.
 43863 | Depths:5 | Found Kumos's Food Shop.
 44040 | Depths:5 | Noticed an ancient lich
 44067 | Depths:5 | Killed an ancient lich
 44160 | Depths:5 | Noticed Frederick
 44174 | Depths:5 | Killed Frederick
 44287 | Zot:1    | Entered Level 1 of the Realm of Zot
 44303 | Zot:1    | Reached XP level 26. HP: 261/261 MP: 13/13
 44307 | Zot:1    | Reached skill level 26 in Evocations
 44379 | Zot:1    | Found a runed gate.
 44379 | Zot:1    | Found a runed gate.
 44379 | Zot:1    | Found a runed gate.
 44380 | Zot:1    | Found an opulent altar of Gozag.
 44380 | Zot:1    | Found Cuzoaps's Assorted Antiques.
 44380 | Zot:1    | Noticed Mepagh's ghost (legendary KoAK)
 44567 | Zot:1    | Reached skill level 15 in Dodging
 45288 | Zot:2    | Found a runed gate.
 45288 | Zot:2    | Found a runed gate.
 45290 | Zot:2    | Found a runed gate.
 45292 | Zot:2    | Noticed Kaass's ghost (legendary GnFi)
 45362 | Zot:2    | Killed Kaass's ghost
 45670 | Zot:2    | Reached skill level 27 in Evocations
 46266 | Zot:3    | Identified the ring of Wuris {rPois MR+ Str+3 Stlth-} (You took it off a tengu reaver on level 5 of the Depths)
 46404 | Zot:3    | Reached XP level 27. HP: 273/273 MP: 1/14
 46908 | Zot:4    | Noticed an orb of fire
 46929 | Zot:4    | Gained mutation: You are dopey. (Int -2) [an orb of fire]
 46936 | Zot:4    | Killed an orb of fire
 47229 | Zot:5    | Entered Level 5 of the Realm of Zot
 47527 | Zot:5    | Noticed an ancient lich
 47545 | Zot:5    | Killed an ancient lich
 47654 | Zot:5    | Noticed an orb of fire
 47671 | Zot:5    | Gained mutation: Your body sometimes deteriorates upon taking damage. [an orb of fire]
 47677 | Zot:5    | Killed an orb of fire
 47714 | Zot:5    | Noticed an orb of fire
 47714 | Zot:5    | Gained mutation: Your muscles are very strong. (Str +4) [an orb of fire]
 47715 | Zot:5    | Noticed an orb of fire
 47721 | Zot:5    | Gained mutation: You are frail. (-10% HP) [an orb of fire]
 47723 | Zot:5    | Noticed an orb of fire
 47726 | Zot:5    | Killed an orb of fire
 47728 | Zot:5    | Noticed an orb of fire
 47733 | Zot:5    | Killed an orb of fire
 47740 | Zot:5    | Gained mutation: You are clumsy. (Dex -2) [an orb of fire]
 47743 | Zot:5    | Gained mutation: Your spells are a little easier to cast, but a little less powerful. [an orb of fire]
 47744 | Zot:5    | Killed an orb of fire
 47754 | Zot:5    | Killed an orb of fire
 47755 | Zot:5    | Lost mutation: Your magical capacity is low. (-10% MP) [potion of mutation]
 47755 | Zot:5    | Lost mutation: You are frail. (-10% HP) [potion of mutation]
 47755 | Zot:5    | Lost mutation: You are dopey. (Int -2) [potion of mutation]
 47755 | Zot:5    | Gained mutation: Scrolls take you a little longer to read. [potion of mutation]
 47755 | Zot:5    | Gained mutation: Your flesh is heat resistant. (rF+) [potion of mutation]
 47851 | Zot:5    | Got the Orb of Zot
 48131 | Depths:5 | Gained mutation: You tend to lose your temper in combat. [a neqoxec]
 48139 | Depths:5 | Gained mutation: You are occasionally teleported next to monsters. [a neqoxec]
 48145 | Depths:5 | Lost mutation: You tend to lose your temper in combat. [potion of mutation]
 48145 | Depths:5 | Lost mutation: Scrolls take you a little longer to read. [potion of mutation]
 48145 | Depths:5 | Gained mutation: Scrolls take you a little longer to read. [potion of mutation]
 48145 | Depths:5 | Gained mutation: You are partially covered in molten scales. (AC +2) [potion of mutation]
 48146 | Depths:5 | Lost mutation: Your spells are a little easier to cast, but a little less powerful. [potion of mutation]
 48146 | Depths:5 | Lost mutation: You are clumsy. (Dex -2) [potion of mutation]
 48146 | Depths:5 | Lost mutation: Scrolls take you a little longer to read. [potion of mutation]
 48146 | Depths:5 | Lost mutation: Your muscles are very strong. (Str +4) [potion of mutation]
 48146 | Depths:5 | Gained mutation: You are agile. (Dex +2) [potion of mutation]
 48146 | Depths:5 | Gained mutation: Armour fits poorly on your strangely shaped body. [potion of mutation]
 48146 | Depths:5 | Gained mutation: Your skin changes colour to match your surroundings (Stealth+). [potion of mutation]
 48147 | Depths:5 | Lost mutation: Your muscles are strong. (Str +2) [potion of mutation]
 48147 | Depths:5 | Lost mutation: You are occasionally teleported next to monsters. [potion of mutation]
 48147 | Depths:5 | Lost mutation: Your body sometimes deteriorates upon taking damage. [potion of mutation]
 48147 | Depths:5 | Lost mutation: Your flesh is heat resistant. (rF+) [potion of mutation]
 48147 | Depths:5 | Gained mutation: You are partially covered in iridescent scales. (AC +2) [potion of mutation]
 48147 | Depths:5 | Gained mutation: Your body sometimes deteriorates upon taking damage. [potion of mutation]
 48147 | Depths:5 | Gained mutation: Your mind is acute. (Int +2) [potion of mutation]
 48630 | D:$      | Escaped with the Orb!

Skill      XL: |  1  2  3  4  5  6  7  8  9 10 11 12 13 14 15 16 17 18 19 20 21 22 23 24 25 26 27 |
---------------+----------------------------------------------------------------------------------+-----
Dodging        | 1 2 3 4 5 6 7 8 9 10 11 14 17 20 | 20.7
Fighting       | 3 4 5 6 7 8 9 10 11 12 13 14 15 16 17 18 20 21 23 | 23.1
Axes           | 3 4 5 6 7 8 9 11 12 13 14 15 16 17 18 | 18.0
Armour         | 4 5 6 7 8 9 10 11 12 14 15 16 17 18 19 20 21 22 | 22.0
Shields        | 4 5 6 7 8 9 10 11 12 13 15 16 17 18 19 20 | 20.0
Invocations    | 1 2 4 6 7 8 |  8.0
Evocations     | 1 2 4 6 7 9 10 12 13 14 15 16 17 18 19 21 22 23 24 25 27 | 27.0

Action                   |  1- 3 |  4- 6 |  7- 9 | 10-12 | 13-15 | 16-18 | 19-21 | 22-24 | 25-27 || total
-------------------------+-------+-------+-------+-------+-------+-------+-------+-------+-------++-------
Melee: War axe           |   123 |   212 |    68 |   345 |   950 |  2104 |   276 |   909 |       ||  4987
       Hand axe          |       |       |   444 |   410 |       |       |       |       |       ||   854
       Broad axe         |       |       |       |       |       |       |  1031 |   713 |  1500 ||  3244
Throw: Throwing net      |       |       |       |       |       |       |       |       |     6 ||     6
Invok: Minor Destruction |       |       |       |    94 |    77 |    40 |       |     3 |       ||   214
       Lesser Servant of |       |       |       |    11 |     6 |       |       |       |       ||    17
 Abil: Heal Wounds       |     1 |     3 |     7 |    46 |    10 |    16 |       |       |    16 ||    99
Evoke: Wand              |       |     4 |    18 |    18 |    15 |    66 |       |    22 |    14 ||   157
       Lamp of fire      |       |       |       |     3 |     2 |     4 |       |     3 |       ||    12
       Phial of floods   |       |       |       |       |       |     1 |       |       |       ||     1
  Use: Scroll            |       |     7 |    12 |    11 |     8 |     7 |    12 |    30 |     8 ||    95
       Potion            |       |       |       |     3 |     4 |     3 |     1 |       |    11 ||    22
 Stab: Confused          |       |       |     1 |       |       |       |       |       |       ||     1
       Paralysed         |       |       |    12 |       |       |       |       |       |       ||    12
       Distracted        |       |       |       |     2 |     1 |       |       |     2 |     1 ||     6
       Held in net/web   |       |       |       |       |       |       |       |       |     5 ||     5
  Eat: Chunk             |     1 |     4 |    12 |    17 |    17 |    20 |    19 |    17 |    17 ||   124
       Ration            |       |     1 |       |     2 |     3 |     6 |       |     4 |     3 ||    19
Armor: Scale mail        |    49 |    80 |   154 |   251 |       |       |       |       |       ||   534
       Plate armour      |    18 |    19 |       |    15 |   403 |   910 |   409 |   418 |       ||  2192
       Chain mail        |       |       |       |     1 |       |       |       |       |       ||     1
       Fire dragon scale |       |       |       |       |       |       |       |   177 |   584 ||   761
       Skin              |       |       |       |       |       |       |       |       |    45 ||    45
Dodge: Dodged            |    35 |    65 |   168 |   352 |   410 |   496 |   285 |   449 |   729 ||  2989
Block: Shield            |    84 |   105 |   275 |   217 |       |       |       |       |       ||   681
       Large shield      |       |       |       |   486 |  1106 |  2172 |  1152 |  1592 |  1516 ||  8024
